 Dungeon Crawl Stone Soup version 0.22-a0-149-g870e420 (webtiles) character file.

9559 tsouns the Thaumaturge (level 11, 0/89 HPs)
             Began as a Mummy Artificer on Feb 7, 2018.
             Was an Initiate of Gozag.
             Slain by Gastronok (29 damage)
             ... on level 1 of the Lair of Beasts.
             The game lasted 00:34:26 (10852 turns).

tsouns the Thaumaturge (Mummy Artificer)           Turns: 10852, Time: 00:34:27

Health: 0/89       AC: 11    Str: 16    XL:     11   Next: 24%
Magic:  8/27       EV: 15    Int: 18    God:    Gozag
Gold:   694        SH:  0    Dex: 15    Spells: 6/34 levels left

rFire    . . .     SeeInvis .   f - +7 short sword (elec)
rCold    . . .     Gourm    .   (no shield)
rNeg     + + +     Faith    .   a - +2 robe {Archmagi}
rPois    ∞         Spirit   .   (no helmet)
rElec    .         Reflect  .   s - +2 cloak
rCorr    .         Harm     .   x - +1 pair of gloves
MR       +....                  z - +1 pair of boots
Stlth    ++........             M - amulet of regeneration
HPRegen  0.24/turn              m - ring "Laeckunoq" {*Corrode +Inv rN+ Int+4 Dex+3}
MPRegen  0.20/turn              A - ring of fire

@: gold aura, very slightly contaminated
A: no food or potions, fire vulnerability, cold resistance 1, negative energy
resistance 3, torment resistance, unbreathing
a: Potion Petition, Call Merchant, Bribe Branch, Renounce Religion, Evoke
Invisibility


You were on level 1 of the Lair of Beasts.
You worshipped Gozag.
Gozag was pleased with you.
You were not hungry.

You visited 3 branches of the dungeon, and saw 13 of its levels.

You collected 848 gold pieces.
You paid 154 gold pieces to Gozag.

Inventory:

Hand Weapons
 f - a +7 short sword of electrocution (weapon)
 R - a +0 blowgun
Missiles
 i - 93 sling bullets
 k - 314 stones (quivered)
 l - 43 bolts
 p - 3 tomahawks of returning
 y - 4 javelins
 G - 2 throwing nets
 Q - 6 curare-tipped needles
Armour
 a - a +2 robe of the Archmagi (worn)
 s - a +2 cloak (worn)
 x - a +1 pair of gloves (worn)
 z - a +1 pair of boots (worn)
 J - a +0 buckler
Magical Staves
 q - an uncursed staff of wizardry
Jewellery
 m - the ring "Laeckunoq" (left hand) {*Corrode +Inv rN+ Int+4 Dex+3}
   (You acquired it on level 5 of the Dungeon)

   [ring of dexterity]

   It affects your intelligence (+4).
   It affects your dexterity (+3).
   It protects you from negative energy.
   It lets you turn invisible.
   It may corrode you when you take damage.
 w - an uncursed ring of protection from magic
 A - a ring of fire (right hand)
 B - a +3 ring of evasion
 F - an uncursed ring of protection from cold
 M - an amulet of regeneration (around neck)
Wands
 c - a wand of flame (26)
 d - a wand of enslavement (12)
 e - a wand of random effects (32)
 v - a wand of clouds (7)
 E - a wand of polymorph (12)
 H - a wand of iceblast (10)
 P - a wand of paralysis (4)
Scrolls
 g - a scroll of fear
 h - 8 scrolls of remove curse
 r - 4 scrolls of teleportation
 t - a scroll of fog
 u - a scroll of blinking
 D - 2 scrolls of magic mapping
 I - a scroll of enchant weapon
 K - 2 scrolls of amnesia
 N - 3 scrolls of identify
 O - a scroll of vulnerability
Books
 n - a book of Minor Magic

   Spells                             Type                      Level
   a - Magic Dart                     Conjuration                  1
   b - Blink                          Translocation                2
   c - Call Imp                       Summoning                    2
   d - Slow                           Hexes                        2
   e - Conjure Flame                  Conjuration/Fire             3
   f - Mephitic Cloud                 Conjuration/Poison/Air       3
 o - a book of Maledictions

   Spells                             Type                      Level
   a - Corona                         Hexes                        1
   b - Ensorcelled Hibernation        Hexes/Ice                    2
   c - Confuse                        Hexes                        3
   d - Tukima's Dance                 Hexes                        3
   e - Dazzling Spray                 Conjuration/Hexes            3
 C - a book of Callings

   Spells                             Type                      Level
   a - Summon Small Mammal            Summoning                    1
   b - Call Imp                       Summoning                    2
   c - Call Canine Familiar           Summoning                    3
   d - Summon Guardian Golem          Hexes/Summoning              3
   e - Summon Lightning Spire         Summoning/Air                4
   f - Summon Ice Beast               Ice/Summoning                4


   Skills:
 + Level 9.3 Fighting
 - Level 4.2 Short Blades
 + Level 5.2 Dodging
 - Level 3.1 Stealth
 + Level 12.0 Spellcasting
 - Level 1.2 Conjurations
 - Level 1.2 Hexes
 + Level 3.0 Summonings
 - Level 1.2 Translocations
 - Level 1.0 Fire Magic
 - Level 1.1 Air Magic
 - Level 1.1 Poison Magic
 + Level 3.7 Evocations


You had 6 spell levels left.
You knew the following spells:

 Your Spells              Type           Power        Failure   Level  Hunger
a - Magic Dart            Conj           ###.         4%          1    N/A
b - Blink                 Tloc           N/A          6%          2    N/A
c - Call Imp              Summ           ####....     2%          2    N/A
d - Conjure Flame         Conj/Fire      ####....     12%         3    N/A
e - Mephitic Cloud        Conj/Pois/Air  ###.....     12%         3    N/A
f - Confuse               Hex            ###.....     12%         3    N/A
g - Tukima's Dance        Hex            ###.....     12%         3    N/A
h - Dazzling Spray        Conj/Hex       ###...       12%         3    N/A
i - Summon Lightning Spi  Summ/Air       ####....     26%         4    N/A
j - Summon Ice Beast      Ice/Summ       ###.....     34%         4    N/A

Dungeon Overview and Level Annotations

Branches:
Dungeon (11/15)            Temple (1/1) D:7            Lair (1/6) D:10
    Orc (0/2) D:9

Altars:
Ashenzari
Cheibriados
Dithmenos
Elyvilon
Fedhas
Gozag
Hepliaklqana
Kikubaaqudgha
Makhleb
Nemelex Xobeh
Okawaru
Qazlal
Ru
Sif Muna
Trog
Uskayaw
Vehumet
Wu Jian
Xom
Yredelemnul
Zin
The Shining One

Annotations:
Lair:1 Gastronok


Innate Abilities, Weirdness & Mutations

You do not eat or drink.
Your flesh is vulnerable to fire.
You are immune to poison.
Your flesh is cold resistant. (rC+)
You are immune to negative energy. (rN+++)
You are immune to unholy pain and torment.
You can survive without breathing.


Message History

Casting: Summon Lightning Spire (quite dangerous; 26% risk of failure)
Confirm with . or Enter, or press ? or * to list all spells.
Aiming: Summon Lightning Spire (quite dangerous; 26% risk of failure)
Press: ? - help, Dir - move target cursor You feel a surge of power!
An electric hum fills the air.
Casting: Summon Lightning Spire (quite dangerous; 26% risk of failure)
Confirm with . or Enter, or press ? or * to list all spells.
Aiming: Summon Lightning Spire (quite dangerous; 26% risk of failure)
Press: ? - help, Dir - move target cursor You feel a surge of power!
You miscast Summon Lightning Spire.
The wind howls around you! Gastronok bites you!!
Casting: Summon Lightning Spire (quite dangerous; 26% risk of failure)
Confirm with . or Enter, or press ? or * to list all spells.
Aiming: Summon Lightning Spire (quite dangerous; 26% risk of failure)
Press: ? - help, Dir - move target cursor You feel a surge of power!
An electric hum fills the air.
Your lightning spire disappears in a puff of smoke!
You barely miss Gastronok. Gastronok bites you!!
You die...
Your body crumbles into a pile of gold.

####### ## ##### .......
#.#######.#.## .......
#............# .......
.............# ###.......
#............###@#......w
#.............§w##.......
#............##8..$?.....
#............###.........
#..[.........# ###.......
######..#...## #..P.#.
##......P##### ###...
##......!.....## ..
#..............# .


You could see Gastronok and a friendly lightning spire.

Vanquished Creatures
  The ghost of varam the Grappler, a novice TrWz of Okawaru (D:9)
  3 two-headed ogres
  Sonja (Lair:1)
  A black mamba (Lair:1)
  A troll (D:9)
  2 hippogriffs
  Sigmund (D:2)
  A spriggan (D:7)
  3 yaks (D:11)
  A wraith (D:9)
  A basilisk (Lair:1)
  A water moccasin (Lair:1)
  2 orc warriors
  3 sky beasts (D:6)
  3 ice beasts
  5 ogres
  A phantom (D:8)
  4 necrophages (D:9)
  8 centaurs
  An elf zombie (D:9)
  Blork the orc (D:4)
  5 bullfrogs
  A gnoll sergeant (D:8)
  3 killer bees (D:10)
  A troll zombie (D:9)
  6 wights (D:9)
  2 howler monkeys
  4 centaur zombies
  4 crimson imps
  3 hounds
  5 jellies
  A bullfrog skeleton (D:9)
  A human zombie (D:9)
  2 orc priests
  5 orc wizards
  3 iguanas
  Ijyb (D:4)
  A human skeleton (D:9)
  Natasha (twice) (D:2)
  6 worker ants
  An ogre zombie (D:9)
  A hound zombie (D:9)
  3 mummies (D:9)
  3 worker ant zombies
  14 gnolls
  12 adders
  A howler monkey skeleton (D:10)
  A shadow imp (D:6)
  8 oozes
  2 adder zombies
  3 worms
  4 dart slugs
  9 leopard geckos
  13 orcs
  A ball python (D:1)
  7 bats
  9 giant cockroaches
  3 goblins
  8 hobgoblins
  9 jackals
  6 quokkas
  2 frilled lizards (D:1)
  15 kobolds
  An orc zombie (D:9)
  2 quokka skeletons
  A quokka zombie (D:3)
  3 rats
243 creatures vanquished.

Vanquished Creatures (collateral kills)
  Natasha (D:2)
1 creature vanquished.

Vanquished Creatures (others)
  3 dancing weapons
  A centaur (D:11)
  An adder (D:2)
  An orc (D:6)
  A fungus (Lair:1)
  8 toadstools (D:2)
  A withered plant (D:9)
16 creatures vanquished.

Grand Total: 260 creatures vanquished

Notes
Turn   | Place    | Note
-------+----------+-------------------------------------------
     0 | D:1      | tsouns the Mummy Artificer began the quest for the Orb.
     0 | D:1      | Reached XP level 1. HP: 15/15 MP: 2/2
   293 | D:1      | Reached XP level 2. HP: 21/21 MP: 3/3
   843 | D:1      | You fall through a shaft!
  1082 | D:2      | Reached XP level 3. HP: 18/27 MP: 4/4
  1318 | D:2      | Noticed Natasha
  1326 | D:2      | Killed Natasha
  1326 | D:2      | Reached XP level 4. HP: 29/34 MP: 5/5
  1541 | D:2      | Noticed Natasha
  1553 | D:2      | Killed Natasha
  1719 | D:2      | Noticed Natasha
  1731 | D:2      | Killed Natasha
  2205 | D:2      | Reached skill level 1 in Stealth
  2205 | D:2      | Reached XP level 5. HP: 39/41 MP: 6/6
  2397 | D:2      | Noticed Sigmund
  2405 | D:2      | Killed Sigmund
  2405 | D:2      | Reached XP level 6. HP: 49/49 MP: 7/7
  2831 | D:3      | Found a hide-covered altar of Uskayaw.
  2893 | D:3      | Reached XP level 7. HP: 52/55 MP: 8/8
  3416 | D:4      | Learned a level 1 spell: Magic Dart
  3419 | D:4      | Learned a level 2 spell: Blink
  3422 | D:4      | Learned a level 2 spell: Call Imp
  3480 | D:4      | Noticed Blork the orc
  3491 | D:4      | Killed Blork the orc
  3491 | D:4      | Reached skill level 5 in Fighting
  3491 | D:4      | Reached skill level 1 in Short Blades
  3491 | D:4      | Reached skill level 1 in Spellcasting
  3497 | D:4      | Found a shadowy altar of Dithmenos.
  3555 | D:4      | Noticed Ijyb
  3562 | D:4      | Killed Ijyb
  3575 | D:4      | Found an ancient bone altar of Kikubaaqudgha.
  4033 | D:5      | Entered Level 5 of the Dungeon
  4038 | D:5      | Identified a scroll of acquirement
  4040 | D:5      | Got a flickering iron ring
  4041 | D:5      | Identified the ring "Laeckunoq" {*Corrode +Inv rN+ Int+4 Dex+3} (You acquired it on level 5 of the Dungeon)
  4078 | D:5      | Reached skill level 2 in Spellcasting
  4271 | D:5      | Reached skill level 3 in Spellcasting
  4295 | D:5      | Learned a level 3 spell: Conjure Flame
  4299 | D:5      | Learned a level 3 spell: Mephitic Cloud
  4440 | D:5      | Reached XP level 8. HP: 22/63 MP: 13/13
  4661 | D:5      | Reached skill level 4 in Spellcasting
  5172 | D:5      | Learned a level 3 spell: Confuse
  5193 | D:5      | Reached skill level 5 in Spellcasting
  5491 | D:6      | Reached skill level 6 in Spellcasting
  5623 | D:6      | Found an ornate altar of the Wu Jian Council.
  5645 | D:6      | Reached skill level 7 in Spellcasting
  5708 | D:6      | Learned a level 3 spell: Tukima's Dance
  5712 | D:6      | Learned a level 3 spell: Dazzling Spray
  5887 | D:6      | Reached XP level 9. HP: 70/71 MP: 19/19
  6309 | D:7      | Reached skill level 8 in Spellcasting
  6587 | D:6      | Found a radiant altar of Vehumet.
  6645 | D:7      | Found a staircase to the Ecumenical Temple.
  6657 | Temple   | Entered the Ecumenical Temple
  7388 | D:8      | Found a sacrificial altar of Ru.
  7414 | D:8      | Noticed a two-headed ogre
  7428 | D:8      | Killed a two-headed ogre
  7428 | D:8      | Reached skill level 1 in Conjurations
  7428 | D:8      | Reached skill level 1 in Hexes
  7428 | D:8      | Reached skill level 1 in Summonings
  7428 | D:8      | Reached skill level 1 in Translocations
  7428 | D:8      | Reached skill level 1 in Fire Magic
  7428 | D:8      | Reached skill level 1 in Air Magic
  7428 | D:8      | Reached skill level 1 in Poison Magic
  7828 | D:8      | Found a blossoming altar of Fedhas.
  7963 | D:9      | Reached skill level 9 in Spellcasting
  8034 | D:9      | Noticed varam's ghost (novice TrWz)
  8073 | D:9      | Killed varam's ghost
  8073 | D:9      | Reached skill level 10 in Spellcasting
  8073 | D:9      | Reached XP level 10. HP: 33/80 MP: 9/24
  8581 | D:9      | Noticed a two-headed ogre
  8596 | D:9      | Killed a two-headed ogre
  8596 | D:9      | Reached skill level 11 in Spellcasting
  8601 | D:9      | Found a glowing golden altar of the Shining One.
  8601 | D:9      | Found a hazy altar of Hepliaklqana.
  8613 | D:9      | Found an opulent altar of Gozag.
  8615 | D:9      | Found a bloodstained altar of Trog.
  8617 | D:9      | Found a faded altar of an unknown god.
  8620 | D:9      | Became a worshipper of Gozag Ym Sagoz the Greedy
  8678 | D:9      | Found a staircase to the Orcish Mines.
  8727 | D:9      | Got an ichor-stained whip
  8732 | D:9      | Identified the +9 whip of Imerch {distort, Str+4} (You found it on level 9 of the Dungeon)
  8749 | D:9      | Learned a level 4 spell: Summon Lightning Spire
  8754 | D:9      | Learned a level 4 spell: Summon Ice Beast
  8918 | D:9      | Found an ancient bone altar of Kikubaaqudgha.
  9298 | D:10     | Entered Level 10 of the Dungeon
  9671 | D:10     | Noticed a two-headed ogre
  9684 | D:10     | Killed a two-headed ogre
  9948 | D:10     | Found a staircase to the Lair.
 10182 | D:10     | You fall through a shaft!
 10203 | D:11     | Reached XP level 11. HP: 65/89 MP: 26/26
 10718 | Lair:1   | Entered Level 1 of the Lair of Beasts
 10743 | Lair:1   | Noticed Sonja
 10752 | Lair:1   | Killed Sonja
 10752 | Lair:1   | Reached skill level 5 in Dodging
 10761 | Lair:1   | Reached skill level 12 in Spellcasting
 10827 | Lair:1   | Noticed Gastronok
 10852 | Lair:1   | Slain by Gastronok

Vault maps used:
D:1:      zelgadis_glass_arrival_small, minmay_tree_intersection
D:2:      cheibrodos_fertilizer, uniq_sigmund, uniq_natasha
D:3:      lemuel_doored_altar
D:4:      nicolae_overflow_crystal_walls, grunt_dithmenos_smoke_and_mirrors,
          uniq_ijyb, uniq_blork_the_orc
D:5:      first_ration
D:6:      nicolae_overflow_hidden_temple, basic_altar
D:7:      minmay_temple_entry_glassed_door, serial_aquarium,
          aquarium_bridge_straight, aquarium_window_fake, aquarium_window_1,
          aquarium_view_2a, aquarium_view_2f, aquarium_pool_double, the_bakery,
          st_stairs_4
D:8:      nicolae_ru_sacrificial_ziggurat, kennysheep_mini_moat
D:9:      chequers_temple_overflow_minitemple, serial_undead, serial_undead_b,
          serial_undead_a, serial_undead_b, serial_undead_d, serial_undead_a,
          grunt_ministairs_10, lemuel_mausoleum_altar_kikubaaqudgha
D:10:     lair_entry_dummy
D:11:     special_room, kennysheep_generic_room_10, uniq_fannar
Temple:   minmay_temple_bridge_abc
Lair:1:   uniq_sonja, uniq_gastronok

Skill      XL: |  1  2  3  4  5  6  7  8  9 10 11 |
---------------+----------------------------------+-----
Dodging        | 2 3 4 5 |  5.2
Fighting       | 2 3 4 5 6 7 9 |  9.3
Stealth        | 1 2 3 |  3.1
Short Blades   | 2 3 4 |  4.2
Spellcasting   | 3 7 10 11 12 | 12.0
Conjurations   | 1 |  1.2
Hexes          | 1 |  1.2
Summonings     | 1 2 3 |  3.0
Translocations | 1 |  1.2
Fire Magic     | 1 |  1.0
Air Magic      | 1 |  1.1
Poison Magic   | 1 |  1.1
Evocations     | 3 |  3.7

Action                   |  1- 3 |  4- 6 |  7- 9 | 10-12 || total
-------------------------+-------+-------+-------+-------++-------
Melee: Short sword       |   102 |   146 |   314 |   196 ||   758
Throw: Stone             |     2 |       |    10 |       ||    12
 Cast: Call Imp          |       |       |     2 |       ||     2
       Mephitic Cloud    |       |       |     7 |     9 ||    16
       Magic Dart        |       |       |     3 |    12 ||    15
       Tukima's Dance    |       |       |     6 |    12 ||    18
       Confuse           |       |       |     6 |     1 ||     7
       Dazzling Spray    |       |       |       |     2 ||     2
       Summon Lightning  |       |       |       |     2 ||     2
       Conjure Flame     |       |       |       |     1 ||     1
 Abil: Evoke Invisibilit |       |       |       |     1 ||     1
Evoke: Wand              |       |     7 |     5 |       ||    12
  Use: Scroll            |     3 |     6 |     9 |     5 ||    23
 Stab: Sleeping          |     1 |     5 |     8 |     4 ||    18
       Confused          |       |       |     7 |     8 ||    15
       Distracted        |       |       |     1 |       ||     1
       Invisible         |       |       |       |     2 ||     2
Armor: Leather armour    |    22 |    18 |       |       ||    40
       Robe              |       |     7 |    71 |    41 ||   119
Dodge: Dodged            |    51 |    56 |   162 |   118 ||   387

Table legend:
 A = Spawn XP
 B = Non-spawn XP
 C = Spawn XP percentage of total XP
 D = Spawn monster count
 E = Non-spawn monster count
 F = Spawn count percentage of total count
 G = Total turns spent on level
                    A         B        C        D         E        F      G
               +---------+---------+-------+---------+---------+-------+---------
         Total |       0 |   13656 |   0.0 |       0 |     245 |   0.0 | 10852
               +---------+---------+-------+---------+---------+-------+---------
           D:1 |       0 |      32 |   0.0 |       0 |      18 |   0.0 |  1017
           D:2 |       0 |     584 |   0.0 |       0 |      47 |   0.0 |  1678
           D:3 |       0 |     242 |   0.0 |       0 |      27 |   0.0 |   564
           D:4 |       0 |     155 |   0.0 |       0 |       7 |   0.0 |   774
           D:5 |       0 |     741 |   0.0 |       0 |      14 |   0.0 |  1241
           D:6 |       0 |    1492 |   0.0 |       0 |      31 |   0.0 |   909
           D:7 |       0 |     646 |   0.0 |       0 |      20 |   0.0 |   730
           D:8 |       0 |    1082 |   0.0 |       0 |      15 |   0.0 |   994
           D:9 |       0 |    4286 |   0.0 |       0 |      41 |   0.0 |  1345
          D:10 |       0 |    1429 |   0.0 |       0 |      11 |   0.0 |  1352
          D:11 |       0 |    1104 |   0.0 |       0 |       9 |   0.0 |    68
        Lair:1 |       0 |    1863 |   0.0 |       0 |       5 |   0.0 |   134
               +---------+---------+-------+---------+---------+-------+---------
